 Dungeon Crawl Stone Soup version 0.29.0-7-g18a832c13a (webtiles) character file.

Game seed: 13555288533265176135

25 Sobieck the Digger (level 3, -5/16 HPs)
             Began as a Vine Stalker Earth Elementalist on Aug 31, 2022.
             Slain by Terence
             ... wielding a +2 hand axe of flaming
              (6 damage)
             ... on level 2 of the Dungeon.
             The game lasted 00:02:01 (1474 turns).

Sobieck the Digger (VSEE)                           Turns: 1474, Time: 00:02:02

Health: -5/16      AC:  2    Str: 10    XL:     3   Next: 4%
Magic:  0/8        EV: 12    Int: 17    God:
Gold:   57         SH:  0    Dex: 14    Spells: 4/7 levels left

rFire   . . .      SeeInvis .   a - +0 short sword {short}
rCold   . . .      Faith    .   (no shield)
rNeg    . . .      Spirit   +   i - +0 robe
rPois   .          Reflect  .   (no helmet)
rElec   .          Harm     .   (no cloak)
rCorr   .          Rampage  .   (no gloves)
Will    .....                   (no boots)
Stlth   ++........              (no amulet)
HPRegen 0.05/turn               (no ring)
MPRegen 0.11/turn               (no ring)

@: no status effects
A: fangs 2, magic shield, antimagic bite, no potion heal 2
a: no special abilities


You were on level 2 of the Dungeon.
You visited 1 branch of the dungeon, and saw 2 of its levels.

You collected 57 gold pieces.


Innate Abilities, Weirdness & Mutations

You have extremely sharp teeth.
When hurt, damage is shared between your health and your magic reserves.
Your bite disrupts and absorbs the magic of your enemies.
Potions cannot restore your health.


   Skills:
 + Level 0.2 Short Blades
 - Level 1.5 Dodging
 + Level 3.1 Stealth
 + Level 2.7 Spellcasting
 - Level 1.0 Transmutations
 + Level 3.4 Earth Magic


You had 4 spell levels left.
You knew the following spells:

 Your Spells              Type           Power      Damage    Failure   Level
a - Sandblast             Erth           26%        2d8       4%          1
b - Passwall              Tmut/Erth      7%         N/A       11%         2

Your spell library contained the following spells:

 Spells                   Type           Power      Damage    Failure   Level
 Stone Arrow              Conj/Erth      16%        3d8       26%         3
 Petrify                  Tmut/Erth      9%         N/A       58%         4

Inventory:

Hand Weapons
 a - a +0 short sword (weapon) {short}
   (You took it off a kobold on level 1 of the Dungeon)
 d - a +0 spear {polearm}
   (You found it on level 1 of the Dungeon)
 g - a +0 dagger {short}
   (You took it off a goblin on level 1 of the Dungeon)
Missiles
 f - 17 stones {throwing}
 k - 2 javelins {throwing}
Armour
 c - a +0 ring mail
   (You found it on level 1 of the Dungeon)
 e - a +0 leather armour
   (You found it on level 1 of the Dungeon)
 i - a +0 robe (worn)
Wands
 p - a wand of mindburst (14)
   (You found it on level 2 of the Dungeon)
Scrolls
 h - a scroll of silence {unknown}
 j - a scroll of poison {unknown}
 l - 2 scrolls of identify {unknown}
 n - a scroll of vulnerability {unknown}
Potions
 b - a potion of magic
 m - a potion of invisibility {unknown}
 o - a potion of curing {unknown}

Dungeon Overview and Level Annotations

Branches:
Dungeon (2/15) Zot: 10509

Altars:

Shops:
D:2 [

Annotations:
D:2 Terence

# #######<#
#......$ #
#.....#
#.#.....#
#.#@....#.#
#.#@......#
#.#########
#.....# ####
##########.#
...#
#∩.......#.#
##.#
#.###.##.#.#
...#
#.###.##...#
...#
###.##...#.###
##### ...#
#............
....


You could see Terence.


Message History

You see here a rat corpse.
A goblin comes into view. It is wielding a +0 club.
Danger!
The blast of sand hits the goblin!
You kill the goblin!
You have reached level 3!
Your experience leads to an increase in your attributes!
Increase (S)trength, (I)ntelligence, or (D)exterity?
You feel clever. x2
Unknown command.
Things that are here:
a +0 club {mace}; a goblin corpse
Things that are here:
a +0 club {mace}; a goblin corpse
There is a stone staircase leading down here.
You open the door.
There is an open door here.
You now have 47 gold pieces (gained 13).
Done exploring.
Unknown command.
Done exploring.
(D) Dungeon
Where to? (? - help)
There is an open door here.
There is a stone staircase leading down here.
You climb downwards.
Found a stone staircase leading up.
There is a stone staircase leading up here.
Unknown command.
Unknown command.
Unknown command.
There is a stone staircase leading up here.
o - a sedimented puce potion Unknown command.
p - a wand of mindburst (14)
You see here a +0 sling.
As you open the door, it creaks loudly!
Unknown command.
There is an open door here.
You open the door.
A hobgoblin comes into view.
Danger!
The hobgoblin shouts!
The blast of sand hits the hobgoblin.
You kill the hobgoblin!
You open the door.
There is an open door here.
Found a stone staircase leading up.
Unknown command.
Found Joriodd's Armour Boutique.
You now have 57 gold pieces (gained 10).
Unknown command.
There is an entrance to Joriodd's Armour Boutique here.
You can access your shopping list by pressing '$'.
Unknown command.
Terence the Incautious comes into view.
He is wielding a +2 hand axe of flaming.
Danger!
Unknown command.
Casting: Sandblast (safe; 4% risk of failure)
Confirm with . or Enter, or press ? or * to list all spells.
Aiming: Passwall (safe; 11% risk of failure)
Press: ? - help, Dir - move target A rock wall.
You miscast Passwall.
You are very lightly contaminated with residual magic.
Nothing appears to happen.
Unknown command.
Unknown command.
You start resting.
Your magical contamination has completely faded away.
You start resting.
Casting: Passwall (safe; 11% risk of failure)
Confirm with . or Enter, or press ? or * to list all spells.
Aiming: Passwall (safe; 11% risk of failure)
Press: ? - help, Dir - move target A rock wall.
You begin to meditate on the wall.
You continue meditating on the rock. x2
You finish merging with the rock.
Found 7 gold pieces.
Found an escape hatch in the ceiling.
Danger!
Unknown command.
The helpless Terence fails to defend himself.
You hit Terence. Your bite misses Terence.
Terence hits you with a +2 hand axe of flaming!
Terence burns you.
Unknown command.
Unknown command.
You are too injured to fight recklessly!
Casting: Passwall (safe; 11% risk of failure)
Confirm with . or Enter, or press ? or * to list all spells.
Aiming: Sandblast (safe; 4% risk of failure)
Press: ? - help, Shift-Dir - straight line, f - Terence
Aim: Terence, wielding a +2 hand axe of flaming and wearing a +0 scale mail (lightly wounded, 84% to hit)
The blast of sand hits Terence but does no damage.
Terence hits you with a +2 hand axe of flaming!
* * * LOW HITPOINT WARNING * * *
Terence burns you.
* * * LOW HITPOINT WARNING * * *
Terence hits you with a +2 hand axe of flaming!
You die...

Skill      XL: |  1  2 |
---------------+-------+-----
Stealth        | 3 |  3.1
Short Blades   | |  0.2
Dodging        | |  1.5
Spellcasting   | |  2.7
Transmutations | |  1.0
Earth Magic    | |  3.4

Action                   || total
-------------------------++-------
Melee: Short sword       ||     2
 Cast: Sandblast         ||    33
       Passwall          ||     1
 Stab: Sleeping          ||     1
Armor: Robe              ||     1
Dodge: Dodged            ||     8

Levels and vault maps discovered:
D:1:      dpeg_arrival_rooms_a, layout_loops_ring,
          shapermc_ecumenical_altar_flowoftime, chequers_avenue, st_stairs_12
D:2:      layout_loops_corners, serial_co_window_serial, co_window_paths_b,
          co_window_of_opportunity_a, co_window_paths_a, co_window_corner_a,
          co_window_corner_a, co_window_broadway_c, co_window_unsneaky_path_c,
          co_window_broadway_a, co_window_unsneaky_path_e, co_window_corner_b,
          co_window_2corner, glass_columns_b, serial_shops, shop,
          nicolae_shop_trees, shop, uniq_terence, uniq_sigmund

Notes
Turn   | Place    | Note
-------+----------+-------------------------------------------
     0 | D:1      | Sobieck the Vine Stalker Earth Elementalist began the quest
                  | for the Orb.
     0 | D:1      | Reached XP level 1. HP: 9/9 MP: 4/4
   245 | D:1      | Reached XP level 2. HP: 13/13 MP: 3/6
   500 | D:1      | Reached skill level 3 in Stealth
   692 | D:1      | Found a faded altar of an unknown god.
   696 | D:1      | Learned a level 2 spell: Passwall
  1160 | D:1      | Reached XP level 3. HP: 16/16 MP: 6/8
  1430 | D:2      | Found Joriodd's Armour Boutique.
  1450 | D:2      | Noticed Terence
  1474 | D:2      | HP: 2/16 [Terence/+2 hand axe of flaming (7)]
  1474 | D:2      | Slain by Terence

Vanquished Creatures
  A dart slug (D:1)
  2 bats (D:1)
  An endoplasm (D:1)
  A giant cockroach (D:1)
  2 goblins (D:1)
  4 hobgoblins
  2 jackals (D:1)
  A kobold (D:1)
  A quokka (D:1)
  2 ball pythons (D:1)
  2 rats (D:1)
19 creatures vanquished.

Table legend:
 A = Non-vault XP
 B = Vault XP
 C = Vault XP percentage of total XP
 D = Non-vault monster count
 E = Vault monster count
 F = Vault count percentage of total count
                 A         B        C        D         E       F
            +---------+---------+-------+---------+---------+-------
      Total |      34 |       2 |   5.6 |      18 |       1 |   5.3
            +---------+---------+-------+---------+---------+-------
        D:1 |      32 |       2 |   5.9 |      17 |       1 |   5.6
        D:2 |       2 |       0 |   0.0 |       1 |       0 |   0.0
            +---------+---------+-------+---------+---------+-------

Illustrated notes

Table legend:
 A = Kills in this place as a percentage of kills in entire the game.
 B = Kills by you in this place as a percentage of kills by you in the entire game.
 C = Kills by friends in this place as a percentage of kills by friends in the entire game.
 D = Other kills in this place as a percentage of other kills in the entire game.
 E = Experience gained in this place as a percentage of experience gained in the entire game.
 F = Experience gained in this place divided by the number of levels of this place that you have seen.
                   A       B       C       D       E      F
               +-------+-------+-------+-------+-------+----------------------
         Total | 100.0 | 100.0 |   N/A |   N/A | 100.0 |  18.0
       Dungeon | 100.0 | 100.0 |   N/A |   N/A | 100.0 |  18.0
               +-------+-------+-------+-------+-------+----------------------

Table legend: (Time is in decaauts)
 A = Elapsed time spent in this place.
 B = Non-inter-level travel time spent in this place.
 C = Inter-level travel time spent in this place.
 D = Time resting spent in this place.
 E = Time spent auto-exploring this place.
 F = Levels seen in this place.
 G = Mean time per level.
                   A        B        C        D        E       F      G
               +--------+--------+--------+--------+--------+-----+--------+
         Total |   1489 |   1467 |     22 |     28 |   1308 |   2 |  744.5 |
       Dungeon |   1489 |   1467 |     22 |     28 |   1308 |   2 |  744.5 |
               +--------+--------+--------+--------+--------+-----+--------+

Top non-repeatable levels by time:
     D:1: 1286 daAuts
     D:2: 203 daAuts
